 Dungeon Crawl Stone Soup version 0.17-a0-1636-g3119f2b (console) character file.

2101 Monkaria the Destroyer (level 9, -5/40 HPs)
             Began as a Deep Elf Conjurer on Aug 6, 2015.
             Was a Believer of Vehumet.
             Slain by an orc warrior
             ... wielding a +0 hand axe
              (20 damage)
             ... on level 7 of the Dungeon.
             The game lasted 00:24:58 (7755 turns).

Monkaria the Destroyer (Deep Elf Conjurer)          Turns: 7755, Time: 00:24:58

Health: -5/40      AC:  2    Str:  5      XL:     9   Next: 7%
Magic:  15/24      EV: 15    Int: 27 (28) God:    Vehumet [**....]
Gold:   329        SH:  0    Dex: 16 (17) Spells: 5 memorised, 9 levels left

rFire  . . .     SeeInvis .     x - staff of poison
rCold  . . .     Clarity  .     a - +0 robe
rNeg   . . .     SustAt   .     (no shield)
rPois  +         Gourm    .     (helmet restricted)
rElec  .         Spirit   .     (no cloak)
rCorr  .         Warding  .     (no gloves)
rMut   .         Stasis   .     (no boots)
MR     .....                    (no amulet)
Stlth  ++........               n - +4 ring of intelligence
                                d - +2 ring of evasion

@: not resistant to hostile enchantments, unstealthy
A: horns 1, agile 1, deterioration 1, frail 1, slow healing 1, spit poison 1
a: Spit Poison, Renounce Religion


You were on level 7 of the Dungeon.
You worshipped Vehumet.
Vehumet was pleased with you.
You were not hungry.

You visited 2 branches of the dungeon, and saw 8 of its levels.
You also visited: Ossuary.

You collected 329 gold pieces.

Inventory:

Missiles
 l - 29 poisoned needles
Armour
 a - a +0 robe (worn)
 o - a +0 helmet
Magical staves
 x - an uncursed staff of poison (weapon)
Jewellery
 d - a +2 ring of evasion (left hand)
 n - a +4 ring of intelligence (right hand)
Scrolls
 g - 2 scrolls of teleportation
 p - 2 scrolls of remove curse
 s - 3 scrolls of recharging
 v - a scroll of immolation
 w - a scroll of amnesia
 y - a scroll of identify
 A - a scroll of fear
 C - a scroll of blinking
Potions
 e - 3 potions of haste
 h - 2 potions of agility
 i - a potion of lignification
 j - 3 potions of might
 k - 2 potions of brilliance
 m - a potion of resistance
 q - a potion of heal wounds
 r - a potion of curing
 z - a potion of magic
Books
 b - a book of Conjurations

   Spells                             Type                      Level
   a - Magic Dart                     Conjuration                  1
   b - Searing Ray                    Conjuration                  2
   c - Dazzling Spray                 Conjuration/Hexes            3
   d - Fulminant Prism                Conjuration/Hexes            4
   e - Iskenderun's Mystic Blast      Conjuration                  4
   f - Iskenderun's Battlesphere      Conjuration/Charms           5
 u - a book of Power

   Spells                             Type                      Level
   a - Fulminant Prism                Conjuration/Hexes            4
   b - Iskenderun's Mystic Blast      Conjuration                  4
   c - Venom Bolt                     Conjuration/Poison           5
   d - Bolt of Magma                  Conjuration/Fire/Earth       5
   e - Iron Shot                      Conjuration/Earth            6
   f - Orb of Destruction             Conjuration                  7
   g - Spellforged Servitor           Conjuration/Summoning        7
 E - a Grand Grimoire

   Spells                             Type                      Level
   a - Monstrous Menagerie            Summoning                    6
   b - Summon Greater Demon           Summoning                    7
   c - Malign Gateway                 Summoning/Translocation      7
   d - Summon Horrible Things         Summoning                    8
Comestibles
 c - 3 bread rations
 f - 5 meat rations


   Skills:
 - Level 2.4 Dodging
 - Level 2.4 Stealth
 - Level 9.1 Spellcasting
 + Level 11.5 Conjurations


You had 9 spell levels left.
You knew the following spells:

 Your Spells              Type           Power        Failure   Level  Hunger
a - Magic Dart            Conj           ####         1%          1    None
b - Searing Ray           Conj           ######       1%          2    None
c - Iskenderun's Mystic   Conj           ######..     1%          4    #......
d - Iskenderun's Battles  Conj/Chrm      #####...     14%         5    ####...
e - Bolt of Magma         Conj/Fire/Erth ####......   28%         5    ####...


Dungeon Overview and Level Annotations

Branches:
Dungeon (7/15)             Temple (1/1) D:4

Altars:
Ashenzari
Cheibriados
Dithmenos
Elyvilon
Fedhas
Gozag
Kikubaaqudgha
Makhleb
Nemelex Xobeh
Okawaru
Qazlal
Ru
Trog
Vehumet
Xom
Yredelemnul
Zin
The Shining One

Shops:
D:5 }


Innate Abilities, Weirdness & Mutations

You have a pair of small horns on your head.
You are agile. (Dex +2)
Your body sometimes deteriorates upon taking damage.
You are frail (-10% HP).
You heal slowly when monsters are visible.
You can spit weak poison.


Message History

Aim: an orc warrior, wielding a hand axe and wearing a chain mail The searing ray hits the orc warrior.
The orc warrior is lightly wounded.
The searing ray hits the orc warrior.
The orc warrior is heavily wounded.
The searing ray hits the orc warrior.
The orc warrior is heavily wounded.
The searing ray misses the orc warrior.
The orc warrior hits you with a hand axe!
Things that are here:
a short sword; a tomahawk; an orc skeleton
Casting: Searing Ray
Confirm with . or Enter, or press ? or * to list all spells.
Aiming: Iskenderun's Mystic Blast
Press: ? - help, Shift-Dir - straight line, f/p - orc warrior
Aim: an orc warrior, wielding a hand axe and wearing a chain mail (heavily wounded)
The orb of energy misses the orc warrior.
The orc warrior hits you with a hand axe!!
Ouch! That really hurt!
You die...

#......#.....
#..##........
#..##).# #...)..#
#..(#..###.
#...#.....
#.(.#.........##.
###o##.###.......
#..@.....#..........
#........#...... ..
#............... .
#........#.....#####
#........#####.#....
#..(................
#...................
###.###+#...........
#......+...........


You could see an orc warrior.

Vanquished Creatures
  4 sky beasts (D:5)
  A phantom (D:5)
  An ogre (D:4)
  A big kobold (D:7)
  5 giant frogs
  3 jellies (D:7)
  4 wights (D:6)
  2 crimson imps
  A centaur zombie (D:5)
  3 hounds
  2 centaur skeletons
  An iguana (D:7)
  A giant frog skeleton (D:6)
  An orc wizard (D:4)
  4 orc priests
  7 worker ants
  A hound zombie (D:7)
  2 mummies (Ossuary)
  8 adders
  An ooze (D:2)
  3 adder skeletons
  2 worms
  16 orcs
  10 bats
  4 giant cockroaches
  2 gnoll zombies (Ossuary)
  5 hobgoblins
  5 jackals
  2 quokkas
  A ball python (D:4)
  11 giant newts
  3 gnoll skeletons (Ossuary)
  6 goblins
  2 goblin skeletons (Ossuary)
  2 goblin zombies (Ossuary)
  2 hobgoblin skeletons (Ossuary)
  2 hobgoblin zombies (Ossuary)
  A jackal skeleton (D:5)
  10 kobolds
  2 kobold skeletons (Ossuary)
  2 kobold zombies (Ossuary)
  2 orc skeletons (Ossuary)
  An orc zombie (Ossuary)
  9 rats
  A rat skeleton (Ossuary)
  2 rat zombies (Ossuary)
161 creatures vanquished.

Vanquished Creatures (others)
  Menkaure (Ossuary)
  A mummy (Ossuary)
  2 gnoll skeletons (Ossuary)
  A goblin skeleton (Ossuary)
  A goblin zombie (Ossuary)
  2 hobgoblin skeletons (Ossuary)
  8 hobgoblin zombies (Ossuary)
  3 kobold skeletons (Ossuary)
  A kobold zombie (Ossuary)
  2 orc skeletons (Ossuary)
  2 orc zombies (Ossuary)
  3 rat skeletons (Ossuary)
  2 rat zombies (Ossuary)
29 creatures vanquished.

Grand Total: 190 creatures vanquished

Notes
Turn   | Place    | Note
--------------------------------------------------------------
     0 | D:1      | Monkaria the Deep Elf Conjurer began the quest for the Orb.
     0 | D:1      | Reached XP level 1. HP: 10/10 MP: 6/6
   316 | D:1      | Reached XP level 2. HP: 15/15 MP: 4/8
   356 | D:1      | Reached skill level 5 in Conjurations
   877 | D:2      | Found a sparkling altar of Nemelex Xobeh.
   951 | D:2      | Reached XP level 3. HP: 19/19 MP: 3/9
  1168 | D:2      | Reached skill level 6 in Conjurations
  1293 | D:2      | Reached XP level 4. HP: 12/24 MP: 6/10
  1847 | D:3      | Found a white marble altar of Elyvilon.
  2046 | D:3      | Learned a level 2 spell: Searing Ray
  2051 | D:3      | Learned a level 4 spell: Iskenderun's Mystic Blast
  2077 | D:3      | Found a shimmering altar of Xom.
  2078 | D:3      | Found a sacrificial altar of Ru.
  2625 | D:4      | Reached skill level 7 in Conjurations
  2625 | D:4      | Reached XP level 5. HP: 19/28 MP: 5/11
  2949 | D:4      | Reached skill level 8 in Conjurations
  2949 | D:4      | Reached XP level 6. HP: 22/32 MP: 0/12
  3067 | D:4      | Found a staircase to the Ecumenical Temple.
  3107 | Temple   | Entered the Ecumenical Temple
  3302 | Temple   | Became a worshipper of Vehumet
  3516 | D:4      | Noticed an ogre
  3524 | D:4      | Killed an ogre
  3829 | D:4      | Reached skill level 9 in Conjurations
  3962 | D:4      | Reached XP level 7. HP: 31/36 MP: 1/13
  4136 | D:5      | Entered Level 5 of the Dungeon
  4258 | D:5      | Reached skill level 5 in Spellcasting
  4265 | D:5      | Gained mutation: You are agile. (Dex +2) [mutagenic meat]
  4266 | D:5      | Gained mutation: You have a pair of small horns on your head. [mutagenic meat]
  4489 | D:5      | Found a sand-covered staircase.
  4518 | Ossuary  | Entered an ossuary
  4681 | Ossuary  | Acquired Vehumet's first power
  4681 | Ossuary  | Offered knowledge of Sandblast by Vehumet.
  4813 | Ossuary  | Killed Menkaure
  5185 | D:5      | Found an ancient bone altar of Kikubaaqudgha.
  5404 | D:5      | Found Herphejo's Quality Used Wands.
  5650 | D:5      | Found a shadowy altar of Dithmenos.
  5795 | D:5      | Reached XP level 8. HP: 30/41 MP: 16/22
  5924 | D:5      | Gained mutation: Your spells are a little easier to cast, but a little less powerful. [mutagenic meat]
  5925 | D:5      | Gained mutation: You are frail (-10% HP). [mutagenic meat]
  5926 | D:5      | Gained mutation: Your body sometimes deteriorates upon taking damage. [mutagenic meat]
  5927 | D:5      | Gained mutation: You can spit weak poison. [mutagenic meat]
  5928 | D:5      | Lost mutation: Your spells are a little easier to cast, but a little less powerful. [mutagenic meat]
  5963 | D:5      | Offered knowledge of Sting by Vehumet.
  6216 | D:6      | Found an opulent altar of Gozag.
  6425 | D:6      | Gained mutation: You heal slowly when monsters are visible. [potion of mutation]
  6699 | D:6      | Reached skill level 10 in Conjurations
  6823 | D:6      | Learned a level 5 spell: Iskenderun's Battlesphere
  6829 | D:6      | Learned a level 5 spell: Bolt of Magma
  7196 | D:7      | Reached skill level 11 in Conjurations
  7649 | D:7      | Reached XP level 9. HP: 40/40 MP: 20/24
  7755 | D:7      | Slain by an orc warrior

Vault maps used:
D:1:      kilobyte_arrival_exit_the_forest, minmay_misc_feat_room
D:2:      nemelex_spade_bored_becter
D:3:      gammafunk_temple_overflow_pools, roderic_lattice_a, elyvilon_altar_3
D:4:      minmay_temple_entry_statues_fountains, serial_corexii_hall,
          corexii_hall_statues_u, corexii_hall_statues_t, first_bread
D:5:      nicolae_dithmenos_the_darkroom, kiku_gazebo_garden_becter,
          nicolae_ossuary_entry_ruins, nicolae_for_you_no_charge
D:6:      kennysheep_mini
D:7:      grunt_ogre_cave
Temple:   nicolae_temple_figure_eight
Ossuary:  ossuary_due_pyramid

Action                   |  1- 3 |  4- 6 |  7- 9 || total
-------------------------+-------+-------+-------++-------
Melee: Unarmed           |     4 |     3 |       ||     7
       Staff             |       |       |    13 ||    13
 Cast: Magic Dart        |    68 |    72 |   122 ||   262
       Searing Ray       |       |    15 |    37 ||    52
       Iskenderun's Myst |       |       |     1 ||     1
  Use: Scroll            |       |     5 |    10 ||    15
       Potion            |       |       |     9 ||     9
 Stab: Sleeping          |       |       |     1 ||     1
  Eat: Chunk             |     1 |     8 |    15 ||    24
       Bread ration      |       |       |     1 ||     1
